cohdb
Replays
Latest Replays
All Replays
Popular Replays
Top Player Replays
Match Explorer
How It Works
Community
CoH3 Stats
Reddit
Sign in to upload your games and track your stats! →
Sign in with Steam
Match 44851745
Unlisted
Match 44851745
Overview
Messages
Build Orders
End
Construct Barracks
Engineer Squad
Selects Advanced Infantry Battlegroup
1⁄4-ton 4x4 Truck
Riflemen Squad
Construct Weapon Support Center
M1919 Machine Gun Team
.30 cal Machine Gun
Bazooka Squad
Selects Convert to Ranger Squad
Selects Frontline Medical Station
Air Support Center
M3 Armored Personnel Carrier
M3 Armored Personnel Carrier
Frontline Medical Station
Selects Ammunition Storage
Riflemen Squad
P-47 Strafing Run
Construct Medical Station
Selects Infantry Assault
Infantry Assault
M3 Armored Personnel Carrier
P-47 Strafing Run
M1918 Browning Automatic Rifles
.30 cal Machine Gun
Grasshopper Recon Run
Riflemen Squad
AI Takeover
็็็็็็็็็็
Vegetable chicken
jimmy82lao
Gatom
Yong
upham76
0
0
Comments
sign in to comment!
No comments posted yet!